AoeStats
← BlossomForce

Arabia

505781557Analyzed
1v1 RM · 21d ago on Sep 11, 2026· 32m 28s· 2 players
Game mode
Random Map
Map size
Tiny (2 player)
Population
200
Speed
Normal
Resources
Standard
Victory
Conquest
Starting age
Dark Age
Ending age
Imperial Age
RankedLock teamsTeams togetherTeam positionsShared explorationLock speedFull tech treeHidden civsTurbo modeCheats
Victory
Defeat
🇲🇽 Malay · Mexico
861
+16
🇺🇸 Burgundians · United States
868
-16
iisraelunna
4:13 Loom
11:02 Feudal Age
11:24 Double-Bit Axe
20:18 Castle Age
24:21 Forging
30:53 Iron Casting
32:42 Town Watch
BlossomForce
7:24 Loom
9:43 Feudal Age
9:27 Double-Bit Axe
9:24 Horse Collar
10:53 Bow Saw
16:25 Scale Barding Armor
16:12 Fletching
22:13 Castle Age
20:34 Stone Mining
20:37 Gold Mining
22:39 Fletching
29:04 Redemption
29:10 Fervor
30:46 Sanctity
32:34 Husbandry
Connection lost

Rejoining the realm…

Still unreachable

The connection could not be restored.

Session expired

The server has moved on; the page needs a fresh start.